 Dungeon Crawl Stone Soup version 0.30-a0-393-g54b8e3be05 (webtiles) character file.

Game seed: 10311191067753370858

8613 andgoliath the Covert (level 11, -1/63 HPs)
             Began as a Spriggan Brigand on Nov 3, 2022.
             Was a Believer of Dithmenos.
             Slain by Harold
             ... wielding a +6 hand axe of freezing
              (10 damage)
             ... on level 10 of the Dungeon on Apr 20, 2023.
             The game lasted 00:47:54 (11328 turns).

andgoliath the Covert (Spriggan Brigand)           Turns: 11328, Time: 00:47:54

Health: -1/63      AC:  7    Str:  7    XL:     11   Next: 12%
Magic:  18/22      EV: 19    Int: 13    God:    Dithmenos [**....]
Gold:   275        SH:  6    Dex: 21    Spells: 21/23 levels left

rFire   . . .      SeeInvis +    a - +2 dagger
rCold   . . .      Faith    .    f - +0 buckler
rNeg    . . .      Spirit   .    j - +0 troll leather armour
rPois   +          Reflect  .    (helmet restricted)
rElec   .          Harm     .    G - +2 cloak {rPois}
rCorr   .          Rampage  .    (gloves unavailable)
Will    ++...                    (boots unavailable)
Stlth   +++++++...               (no amulet)
HPRegen 1.10/turn                w - ring of poison resistance
MPRegen 0.18/turn                e - ring of willpower

@: marked, wreathed by umbra, invisible, very quick
A: very small, no large weapons, unfitting armour, see invisible, speed 3,
robust 1
a: Renounce Religion, Shadow Step


You were on level 10 of the Dungeon.
You worshipped Dithmenos.
Dithmenos was pleased with you.
You visited 2 branches of the dungeon, and saw 12 of its levels.
You also visited: Sewer.

You collected 507 gold pieces.
You spent 232 gold pieces at shops.

Inventory:

Hand Weapons
 a - a +2 dagger (weapon)
 b - a +0 rapier
 L - a +1 short sword of venom
Missiles
 c - 3 boomerangs
 d - 9 poisoned darts (quivered)
 A - 3 curare-tipped darts
 B - a throwing net
Armour
 f - a +0 buckler (worn)
 j - a +0 troll leather armour (worn)
 n - +0 steam dragon scales
 o - a scarf of invisibility
 C - the +1 robe of Foon {rF+ rC+}
   (You found it on level 4 of the Dungeon)

   rF:        It protects you from fire.
   rC:        It protects you from cold.
 G - a +2 cloak of poison resistance (worn)
 K - an orb of energy
Magical Staves
 D - a staff of poison
Jewellery
 e - a ring of willpower (right hand)
 l - a ring of protection from cold
 w - a ring of poison resistance (left hand)
Wands
 x - a wand of acid (6)
 M - a wand of iceblast (11)
 O - a wand of mindburst (7)
 P - a wand of flame (8)
Scrolls
 g - 6 scrolls of identify
 h - 2 scrolls of enchant armour
 k - 5 scrolls of immolation
 m - a scroll of silence {unknown}
 p - a scroll of vulnerability {unknown}
 r - 2 scrolls of teleportation {unknown}
 s - 2 scrolls of fear
 u - a scroll of noise {unknown}
 v - 2 scrolls of torment {unknown}
 y - 2 scrolls of brand weapon {unknown}
 F - 3 scrolls of magic mapping
 H - a scroll of enchant weapon {unknown}
 I - a scroll of acquirement {unknown}
 J - a scroll of blinking {unknown}
 N - a scroll of amnesia {unknown}
Potions
 i - a potion of flight
 q - 4 potions of brilliance
 t - 13 potions of degeneration
 z - 2 potions of lignification


   Skills:
 + Level 7.3 Fighting
 - Level 10.0 Short Blades
 - Level 2.1 Throwing
 + Level 6.3 Dodging
 + Level 12.4 Stealth
 - Level 6.9 Spellcasting
 + Level 7.4 Hexes
 - Level 1.2 Evocations


You had 21 spell levels left.
You knew the following spells:

 Your Spells              Type           Power      Damage    Failure   Level
a - Ensorcelled Hibernat  Hex/Ice        28%        N/A       17%         2

Your spell library contained the following spells:

 Spells                   Type           Power      Damage    Failure   Level
 Summon Guardian Golem    Hex/Summ       14%        N/A       32%         3
 Passwall                 Tmut/Erth      3%         N/A       61%         2
 Anguish                  Hex/Necr       7%         N/A       73%         4
 Spider Form              Tmut/Pois      4%         N/A       83%         3
 Swiftness                Air            4%         N/A       83%         3
 Olgreb's Toxic Radiance  Pois           4%         N/A       99%         4
 Orb of Destruction       Conj           2%         9d5       100%        7
 Ozocubu's Refrigeration  Ice            2%         4d7       100%        7
 Spellforged Servitor     Conj/Summ      2%         N/A       100%        7
 Ignition                 Fire           2%         3d3       100%        8


Dungeon Overview and Level Annotations

Branches:
Dungeon (11/15)            Temple (1/1) D:6           Sewer (visited)
   Lair: D:8-11         Orc: D:9-12

Altars:
Ashenzari
Cheibriados
Dithmenos
Elyvilon
Fedhas
Gozag
Hepliaklqana
Kikubaaqudgha
Makhleb
Nemelex Xobeh
Okawaru
Qazlal
Ru
Sif Muna
Trog
Uskayaw
Vehumet
Wu Jian
Xom
Yredelemnul
Zin
The Shining One

Shops:
D:1 :?((   D:7 :   D:10 *

Annotations:
D:8 Joseph
D:10 Erolcha, Harold


Innate Abilities, Weirdness & Mutations

You are very small and have problems with some larger weapons.
You are too small for most types of armour.
You have supernaturally acute eyesight. (SInv)
You cover ground extremely quickly. (Speed+++)
You are robust. (+10% HP)


Message History

Casting: Ensorcelled Hibernation (safe; 17% risk of failure)
Confirm with . or Enter, or press ? or * to list all spells.
Okay, then.
Aiming: Shadow Step
Press: ? - help, Dir - move target, f/p - Harold
Aim: Harold, wielding a +6 hand axe of freezing, wearing a +0 scale mail, quivering 2 throwing nets and carrying a wand of iceblast (5) (lightly wounded, umbra)
You step into Harold's shadow.
You block Harold's attack.
Found a scroll labelled PARCHA ZUYTE.
You hit Harold.
Harold is lightly wounded.
Harold hits you with a +6 hand axe of freezing.
Harold freezes you.
You hit Harold.
Harold is moderately wounded.
You hit Harold.
Harold is moderately wounded.
Harold closely misses you.
It was a potion of invisibility.
You fade into invisibility!
Harold misses you.
It was a potion of mutation.
You feel extremely strange.
You feel robust. Harold barely misses you.
You closely miss Harold.
Harold is moderately wounded.
Harold misses you.
You hit Harold.
Harold is moderately wounded.
You strike the helpless Harold from behind!
You perforate Harold like a sieve!!!
Harold is severely wounded.
Harold hits you with a +6 hand axe of freezing!
* * * LOW HITPOINT WARNING * * *
Harold freezes you.
* * * LOW HITPOINT WARNING * * *
You barely miss Harold.
Harold is severely wounded.
A bullfrog comes into view.
Harold hits you with a +6 hand axe of freezing!
You die...

## ####. ?...
.# ... .# .. .#
#.##.# #....# #
#.@..#.#.#
######.@?.....#
#......>......#
#.............#
#.............F
####.[......o.o
#...##...###
#... .#..# #...
.##...


You could see Harold (unable to see you), a bullfrog (unable to see you), an orc
priest (unable to see you) and an orc (unable to see you).

Vanquished Creatures
  A centaur warrior (D:11)
  A two-headed ogre (D:11)
  A boulder beetle (D:11)
  An ugly thing (D:11)
  A wolf spider (D:11)
  2 unseen horrors (D:11)
  Maggie (D:9)
  Psyche (D:10)
  A hornet (D:9)
  A troll (D:11)
  Prince Ribbit (D:9)
  3 steam dragons
  2 water moccasins
  3 ice beasts
  3 orc warriors
  Pargi (Sewer)
  A sky beast (D:7)
  An ogre (D:6)
  5 centaurs
  A phantom (D:4)
  3 bullfrogs
  A kobold brigand (D:10)
  A gnoll sergeant (D:8)
  2 scorpions
  6 wights
  17 killer bees
  2 howler monkeys
  4 hounds
  3 jellies
  5 orc priests
  Terence (D:2)
  An iguana (D:5)
  9 orc wizards
  6 gnolls
  9 adders
  A shadow imp (D:8)
  A white imp (D:8)
  An ufetubus (D:5)
  2 worms
  A dart slug (D:2)
  40 orcs
  7 bats
  9 endoplasms
  2 giant cockroaches
  9 goblins
  7 hobgoblins
  3 jackals (D:2)
  2 quokkas
  10 ball pythons
  3 frilled lizards
  11 kobolds
  13 rats
224 creatures vanquished.

Vanquished Creatures (others)
  17 fungi
  15 plants (D:10)
32 creatures vanquished.

Grand Total: 256 creatures vanquished

Notes
Turn   | Place    | Note
-------+----------+-------------------------------------------
     0 | D:1      | andgoliath the Spriggan Brigand began the quest for the
                  | Orb.
     0 | D:1      | Reached XP level 1. HP: 10/10 MP: 2/2
     9 | D:1      | Found Vibucvib's Magic Scroll Emporium.
    53 | D:1      | Found Tyatt's Antique Weapon Emporium.
    57 | D:1      | Found Maahyr's Weapon Shoppe.
   165 | D:1      | Reached skill level 6 in Stealth
   221 | D:1      | Reached XP level 2. HP: 15/15 MP: 3/3
   429 | D:1      | Found Hyur's Book Emporium.
   894 | D:2      | Noticed Terence
   922 | D:2      | Killed Terence
   923 | D:2      | Reached XP level 3. HP: 10/18 MP: 4/4
  1086 | D:2      | Reached XP level 4. HP: 10/23 MP: 5/5
  1260 | D:2      | Identified the +8 plate armour of Intuition {Drain Fly
                  | Will+}
  2446 | D:3      | Reached skill level 7 in Stealth
  2936 | D:4      | Noticed a phantom
  3197 | D:3      | Reached XP level 5. HP: 13/27 MP: 6/6
  3427 | D:4      | Found a glowing drain.
  3449 | Sewer    | Entered a sewer
  3510 | Sewer    | Noticed Pargi
  3519 | Sewer    | Killed Pargi
  3520 | Sewer    | Reached skill level 8 in Stealth
  3520 | Sewer    | Reached XP level 6. HP: 32/32 MP: 7/7
  3587 | D:4      | Identified the +1 robe of Foon {rF+ rC+}
  3659 | D:4      | Reached skill level 5 in Short Blades
  4512 | D:4      | Found a shimmering altar of Xom.
  4667 | D:4      | You fall into a shaft and drop 1 floor!
  4667 | D:5      | Entered Level 5 of the Dungeon
  4880 | D:5      | Reached skill level 9 in Stealth
  4880 | D:5      | Reached XP level 7. HP: 23/36 MP: 8/8
  5116 | D:5      | Found a broken altar of Ashenzari.
  5530 | D:5      | Found a glowing golden altar of the Shining One.
  5809 | D:6      | Reached skill level 10 in Stealth
  5877 | D:6      | Noticed a steam dragon
  5901 | D:6      | Killed a steam dragon
  5902 | D:6      | Reached XP level 8. HP: 29/42 MP: 9/9
  6210 | D:6      | Found a staircase to the Ecumenical Temple.
  6267 | Temple   | Entered the Ecumenical Temple
  6290 | Temple   | Became a worshipper of Dithmenos the Shadowed
  6847 | D:7      | Found a shimmering blue altar of Sif Muna.
  6849 | D:7      | Reached skill level 5 in Dodging
  6864 | D:7      | Found an iron altar of Okawaru.
  6867 | D:7      | Found a radiant altar of Vehumet.
  6886 | D:7      | Found a snail-covered altar of Cheibriados.
  7289 | D:7      | Upgraded the game from 0.30-a0-341-g682706514a to
                  | 0.30-a0-393-g54b8e3be05
  7301 | D:7      | Found Ynwegh's Book Shop.
  7331 | D:7      | Reached * piety under Dithmenos
  7417 | D:7      | Reached skill level 5 in Fighting
  7417 | D:7      | Reached XP level 9. HP: 41/47 MP: 10/10
  7674 | D:7      | Identified the +1 chain mail "Fyptoq" {rPois Dex+2}
  7716 | D:7      | Learned a level 2 spell: Ensorcelled Hibernation
  7833 | D:8      | Reached skill level 1 in Spellcasting
  7845 | D:8      | Reached skill level 1 in Hexes
  7923 | D:8      | Found a stormy altar of Qazlal.
  8442 | D:8      | Noticed Joseph
  8757 | D:9      | Reached skill level 10 in Short Blades
  9049 | D:9      | Found an opulent altar of Gozag.
  9049 | D:9      | Found a glowing silver altar of Zin.
  9138 | D:9      | Reached skill level 5 in Spellcasting
  9139 | D:9      | Reached ** piety under Dithmenos
  9310 | D:10     | Entered Level 10 of the Dungeon
  9310 | D:10     | Found Ytozaf's Assorted Antiques.
  9431 | D:10     | Bought a runed cloak for 232 gold pieces
  9628 | D:9      | Noticed Maggie
  9630 | D:9      | Noticed Prince Ribbit
  9633 | D:9      | Killed Maggie
  9634 | D:9      | Reached XP level 10. HP: 53/53 MP: 17/20
  9655 | D:9      | Killed Prince Ribbit
 10427 | D:9      | Reached skill level 1 in Evocations
 10573 | D:10     | Reached skill level 5 in Hexes
 10750 | D:10     | Noticed Psyche
 10771 | D:10     | Killed Psyche
 10824 | D:10     | Noticed Erolcha
 10927 | D:11     | Reached skill level 11 in Stealth
 11073 | D:11     | Noticed a two-headed ogre
 11077 | D:11     | Killed a two-headed ogre
 11120 | D:11     | Identified the +2 war axe of Enedezy {venom, *Noise Int+3
                  | Dex+6}
 11268 | D:11     | Noticed a red ugly thing
 11271 | D:11     | Killed a red ugly thing
 11273 | D:11     | Noticed a boulder beetle
 11276 | D:11     | Killed a boulder beetle
 11277 | D:11     | Reached skill level 12 in Stealth
 11278 | D:11     | Noticed a wolf spider
 11280 | D:11     | Noticed a fire dragon
 11281 | D:11     | Killed a wolf spider
 11282 | D:11     | Reached XP level 11. HP: 58/58 MP: 22/22
 11288 | D:11     | Noticed a centaur warrior
 11291 | D:11     | Killed a centaur warrior
 11293 | D:11     | Noticed a skeletal warrior
 11308 | D:10     | Noticed Harold
 11324 | D:10     | Gained mutation: You are robust. (+10% HP) [potion of
                  | mutation]
 11328 | D:10     | Slain by Harold

Illustrated notes

Levels and vault maps discovered:
D:1:      dpeg_arrival_stone_temple_mockup, layout_rooms, serial_shops,
          nicolae_shop_bloodbath_and_beyond, shop, nicolae_shop_behind_doors,
          shop
D:2:      layout_basic, grunt_ministairs_11, minmay_three_crescents,
          uniq_terence
D:3:      layout_loops_corners, hangedman_glass_teeth, minmay_puff
D:4:      layout_rooms, mainiacjoe_overflow_surrounded_room,
          portal_sewer_entry_d, eino_tiny_chamber, kennysheep_decorative_pillar
D:5:      layout_loops_ring, mainiacjoe_overflow_chevrons,
          cheibrodos_ashenzari_chains
D:6:      layout_basic, minmay_temple_entry_sparse_star, lightli_orcish_oven
D:7:      layout_basic, grunt_temple_overflow_cloverleaf, serial_shops,
          nicolae_shop_competitors_out_of_business
D:8:      layout_loops_ring, old_standard_altar, uniq_joseph
D:9:      layout_roguey, grunt_temple_overflow_gold_and_silver, enter_bailey_7,
          uniq_prince_ribbit1, uniq_maggie
D:10:     layout_basic, due_lair_maze_entry_diamond, nicolae_stop_n_shop_1,
          uniq_harold, uniq_erolcha, uniq_psyche
D:11:     layout_loops_corners, gauntlet_entry_generic, minmay_evil_grid
Temple:   nicolae_temple_no_exploring_needed

Skill      XL: |  1  2  3  4  5  6  7  8  9 10 |
---------------+-------------------------------+-----
Stealth        | 6 7 8 9 10 12 | 12.4
Short Blades   | 3 4 5 6 9 10 | 10.0
Fighting       | 2 3 5 6 7 |  7.3
Dodging        | 3 5 6 |  6.3
Spellcasting   | 6 |  6.9
Hexes          | 4 7 |  7.4
Evocations     | 1 |  1.2
Throwing       | |  2.1

Action                   |  1- 3 |  4- 6 |  7- 9 | 10-12 || total
-------------------------+-------+-------+-------+-------++-------
Melee: Dagger            |   103 |   316 |   589 |   291 ||  1299
       Punch             |     2 |     5 |     4 |       ||    11
Throw: Dart              |    17 |    15 |     2 |       ||    34
 Cast: Ensorcelled Hiber |       |       |     2 |    13 ||    15
Invok: Shadow Step       |       |       |       |     1 ||     1
Evoke: Wand              |       |       |    11 |       ||    11
  Use: Scroll            |       |     9 |       |       ||     9
       Potion            |       |     2 |    16 |     4 ||    22
 Stab: Sleeping          |     7 |    16 |    23 |    10 ||    56
       Distracted        |       |       |     3 |       ||     3
       Invisible         |       |       |       |     1 ||     1
Armor: Robe              |    14 |    21 |    17 |    14 ||    66
       Steam dragon scal |       |       |    26 |       ||    26
       Skin              |       |       |    18 |       ||    18
       Troll leather arm |       |       |       |     3 ||     3
Dodge: Dodged            |    73 |   171 |   316 |   177 ||   737
Block: Buckler           |       |       |    79 |    68 ||   147

Table legend: (Time is in decaauts)
 A = Elapsed time spent in this place.
 B = Non-inter-level travel time spent in this place.
 C = Inter-level travel time spent in this place.
 D = Time resting spent in this place.
 E = Time spent auto-exploring this place.
 F = Levels seen in this place.
 G = Mean time per level.
                   A        B        C        D        E       F      G
               +--------+--------+--------+--------+--------+-----+--------+
         Total |   8155 |   7721 |    434 |   2186 |   3376 |  13 |  627.3 |
       Dungeon |   8039 |   7612 |    427 |   2150 |   3368 |  11 |  730.8 |
        Temple |     19 |     12 |      7 |      0 |      0 |   1 |   19.0 |
         Sewer |     96 |     96 |      0 |     36 |      7 |   1 |   96.0 |
               +--------+--------+--------+--------+--------+-----+--------+

Top non-repeatable levels by time:
     D:9: 1261 daAuts
     D:3: 1258 daAuts
     D:4: 841 daAuts
     D:2: 829 daAuts
     D:6: 697 daAuts
     D:7: 693 daAuts
     D:5: 674 daAuts
     D:8: 652 daAuts
    D:10: 421 daAuts
     D:1: 364 daAuts
    D:11: 346 daAuts
   Sewer: 96 daAuts
  Temple: 19 daAuts
